 Dungeon Crawl Stone Soup version 0.14-a0-519-g334afa2 (webtiles) character file.

2390 PolkaDot the Ruinous (level 9, -2/55 HPs)
             Began as a Vampire Wizard on Nov 2, 2013.
             Was an Elder of Sif Muna.
             Slain by a giant goldfish (4 damage)
             ... on Level 6 of the Dungeon.
             The game lasted 00:39:45 (7131 turns).

PolkaDot the Ruinous (Vampire Wizard)               Turns: 7131, Time: 00:39:46

HP  -2/55        AC  6     Str  6      XL: 9   Next:  3%
MP  19/19        EV 12     Int 23      God: Sif Muna [****..]
Gold 368         SH  0     Dex 12      Spells:  4 memorised,  5 levels left

Res.Fire  : . . .   See Invis. : +   t - +1,+0 orc dagger (vamp)
Res.Cold  : . . .   Warding    : .   v - +0 elf robe
Life Prot.: + . .   Conserve   : .   (no shield)
Res.Poison: .       Res.Corr.  : .   b - +0 wizard hat
Res.Elec. : .       Clarity    : .   a - +0 cloak
Sust.Abil.: + .     Spirit.Shd : .   w - +1 pair of orc gauntlets
Res.Mut.  : .       Stasis     : .   s - +0 pair of boots
Res.Rott. : .       Flight     : .   o - amulet of faith
Saprovore : . . .                    (no ring)
                                     m - ring of sustain abilities

@: somewhat resistant to hostile enchantments, stealthy
A: bottle blood, fangs 3, see invisible, unbreathing
a: Bat Form, Bottle Blood, Channel Energy, Forget Spell, Renounce Religion


You were on level 6 of the Dungeon.
You worshipped Sif Muna.
Sif Muna was greatly pleased with you.
You were not thirsty.

You visited 1 branch of the dungeon, and saw 6 of its levels.

You collected 368 gold pieces.

Inventory:

Hand weapons
 t - a +1,+0 orcish vampiric dagger (weapon)
Armour
 a - a +0 cloak (worn)
 b - a +0 wizard hat (worn)
 f - a +2 elven leather armour
 s - a +0 pair of boots (worn)
 v - a +0 elven robe (worn)
 w - a +1 pair of orcish gauntlets (worn)
Scrolls
 d - a scroll of blinking {unknown}
 e - 7 scrolls of identify {unknown}
 g - 7 scrolls of remove curse {unknown}
 h - a scroll of enchant weapon I {unknown}
 i - 3 scrolls of teleportation {unknown}
 j - a scroll of recharging {unknown}
 k - a scroll of immolation {unknown}
 l - 3 scrolls of random uselessness {unknown}
 n - a scroll of curse weapon {unknown}
 q - a scroll of curse armour {unknown}
 u - a scroll of enchant weapon II {unknown}
 z - a scroll of enchant weapon III {unknown}
Jewellery
 m - a ring of sustain abilities (left hand)
 o - an amulet of faith (around neck)
 y - a +2 ring of dexterity {unknown}
Potions
 p - a potion of agility
 r - 2 potions of confusion {unknown}
 x - a potion of curing
Books
 c - a book of Minor Magic

   Spells                             Type                      Level
   *Magic Dart                        Conjuration                  1
   *Blink                             Translocation                2
   Call Imp                           Summoning                    2
   Repel Missiles                     Charms/Air                   2
   Slow                               Hexes                        2
   *Conjure Flame                     Conjuration/Fire             3
   *Mephitic Cloud                    Conjuration/Poison/Air       3


   Skills:
 - Level 2.1 Dodging
 - Level 3.0 Stealth
 - Level 3.0 Spellcasting
 - Level 7.0 Conjurations
   Level 1.0 Summonings
 + Level 2.1 Translocations
 * Level 6.8 Air Magic


You had 5 spell levels left.
You knew the following spells:

 Your Spells              Type           Power        Failure   Level  Hunger
a - Magic Dart            Conj           ####         1%          1    None
d - Mephitic Cloud        Conj/Pois/Air  ###.....     8%          3    ###....
q - Blink                 Tloc           N/A          10%         2    ##.....
s - Conjure Flame         Conj/Fire      ###.....     10%         3    ###....


Dungeon Overview and Level Annotations

Branches:
Dungeon (6/27)             Temple (0/1) D:4
    Orc: D:6-11

Altars:
Fedhas
Makhleb
Nemelex Xobeh
Okawaru
Sif Muna
Trog
Vehumet
Xom
the Shining One

Shops:
D:4 +   D:5 (


Innate Abilities, Weirdness & Mutations

You can bottle blood from corpses.
You have razor-sharp teeth.*
You have supernaturally acute eyesight.
You can survive without breathing.*


Message History

You channel some magical energy.
You feel somewhat more thirsty. The giant goldfish barely misses you.
Use which ability? (? or * to list)
You channel some magical energy.
You feel somewhat more thirsty. The giant goldfish bites you!
* * * LOW HITPOINT WARNING * * *
Use which ability? (? or * to list)
You channel some magical energy.
You feel somewhat more thirsty. The giant goldfish closely misses you.
Use which ability? (? or * to list)
You channel some magical energy.
You feel somewhat more thirsty. The giant goldfish misses you.
Use which ability? (? or * to list)
You channel some magical energy.
You feel somewhat more thirsty. The giant goldfish bites you.
* * * LOW HITPOINT WARNING * * *
Use which ability? (? or * to list)
You channel some magical energy.
You feel somewhat more thirsty. The giant goldfish bites you.
You die...

#.........)# ##.### #.#
#########..##.####.# ##.##### #.#
#..........##..#...###......###.#
.................................
.%...............................
≈.≈≈.≈≈≈..≈≈....)≈≈≈≈≈≈≈≈≈≈.≈..≈≈
≈≈≈≈≈≈≈≈≈≈≈≈....).≈≈≈≈≈≈≈≈≈≈≈≈≈≈≈
≈≈≈≈≈≈≈≈≈≈≈≈..)));≈≈≈≈≈≈≈≈≈≈≈≈≈≈≈
≈≈≈≈≈≈≈≈≈≈≈≈).(.@.≈≈≈≈≈≈≈≈≈≈≈≈≈≈≈
##############''#################
....#.......#....#.......#.......
....'.......#..).#.......'.......
(...#########...)#########.......
....)).....#..)..)#.....)....####
.......)..)'......'....)).(..#
..)........#..)...#..........####
....#########....#########.......


You could see a giant goldfish.

Vanquished Creatures
  Prince Ribbit (D:4)
  A giant goldfish (D:6)
  A phantom (D:4)
  3 ogres
  An ice beast (D:5)
  A sky beast (D:5)
  Sigmund (D:6)
  Duvessa (D:4)
  A big kobold (D:6)
  2 jellyfish (D:6)
  A crimson imp (D:5)
  2 electric eels (D:6)
  Dowan (D:4)
  4 orc priests
  A scorpion (D:6)
  Crazy Yiuf (D:4)
  A giant frog skeleton (D:6)
  2 big fish (D:6)
  A hound (D:3)
  An orc wizard (D:3)
  4 worker ants
  An ogre skeleton (D:6)
  A hound skeleton (D:4)
  5 adders
  11 gnolls
  2 giant mites
  2 worms
  An adder skeleton (D:6)
  A giant eyeball (D:6)
  A giant gecko (D:3)
  An ooze (D:2)
  15 orcs
  2 ball pythons
  8 bats
  5 giant cockroaches
  40 goblins
  38 hobgoblins
  3 jackals
  3 quokkas
  A giant newt (D:1)
  A giant newt skeleton (D:5)
  A hobgoblin skeleton (D:4)
  12 kobolds
  3 orc skeletons
  A quokka skeleton (D:5)
  16 rats
  A rat skeleton (D:5)
  A rat zombie (D:6)
  A fungus (D:4)
210 creatures vanquished.

Notes
Turn   | Place    | Note
--------------------------------------------------------------
     0 | D:1      | PolkaDot, the Vampire Wizard, began the quest for the Orb.
     0 | D:1      | Reached XP level 1. HP: 11/11 MP: 6/6
    63 | D:1      | Reached skill level 1 in Conjurations
   238 | D:1      | Reached XP level 2. HP: 13/17 MP: 0/8
  1214 | D:2      | Reached XP level 3. HP: 16/22 MP: 1/10
  1564 | D:2      | Found a deep blue altar of Sif Muna.
  1569 | D:2      | Became a worshipper of Sif Muna the Loreminder
  1714 | D:2      | Found an iron altar of Okawaru.
  1732 | D:2      | Found a bloodstained altar of Trog.
  2166 | D:2      | Found a glowing golden altar of the Shining One.
  2169 | D:2      | Found a shimmering altar of Xom.
  2172 | D:2      | Found a burning altar of Makhleb.
  2361 | D:3      | Reached XP level 4. HP: 14/28 MP: 9/12
  2565 | D:3      | Found a burning altar of Makhleb.
  2576 | D:3      | Learned a level 3 spell: Conjure Flame
  2580 | D:3      | Learned a level 3 spell: Mephitic Cloud
  2641 | D:3      | Reached XP level 5. HP: 27/33 MP: 0/13
  3068 | D:4      | Noticed Dowan
  3077 | D:4      | Killed Dowan
  3077 | D:4      | Acquired Sif Muna's first power
  3077 | D:4      | Reached skill level 4 in Conjurations
  3251 | D:4      | Noticed Prince Ribbit
  3526 | D:4      | Found Peejez's Book Shoppe.
  3534 | D:4      | Learned a level 2 spell: Blink
  3545 | D:4      | Found a radiant altar of Vehumet.
  3564 | D:4      | Noticed an ogre
  3577 | D:4      | Killed an ogre
  3577 | D:4      | Reached XP level 6. HP: 39/39 MP: 5/15
  3621 | D:4      | Noticed Duvessa
  3626 | D:4      | Killed Duvessa
  3626 | D:4      | Reached skill level 5 in Conjurations
  3666 | D:4      | Noticed a phantom
  3678 | D:4      | Killed a phantom
  3743 | D:4      | Killed Prince Ribbit
  3743 | D:4      | Acquired Sif Muna's second power
  3743 | D:4      | Reached skill level 6 in Conjurations
  3743 | D:4      | Reached XP level 7. HP: 11/44 MP: 3/17
  3904 | D:4      | Found a sparkling altar of Nemelex Xobeh.
  3942 | D:4      | Found a staircase to the Ecumenical Temple.
  4248 | D:4      | Noticed Crazy Yiuf
  4253 | D:4      | Killed Crazy Yiuf
  4253 | D:4      | Reached skill level 1 in Air Magic
  4338 | D:5      | Entered Level 5 of the Dungeon
  4342 | D:5      | Found a shimmering altar of Xom.
  4345 | D:5      | Found Schaanlis' Weapon Boutique.
  4610 | D:5      | Found a blossoming altar of Fedhas.
  4683 | D:5      | Reached XP level 8. HP: 50/50 MP: 5/18
  5044 | D:6      | Noticed Sigmund
  5065 | D:6      | Killed Sigmund
  5507 | D:6      | Reached skill level 5 in Air Magic
  5719 | D:6      | Paralysed by a giant eyeball for 4 turns
  5729 | D:6      | Paralysed by a giant eyeball for 4 turns
  5736 | D:6      | Paralysed by a giant eyeball for 2 turns
  5739 | D:6      | Paralysed by a giant eyeball for 4 turns
  5746 | D:6      | Paralysed by a giant eyeball for 2 turns
  6076 | D:6      | Reached skill level 7 in Conjurations
  6160 | D:6      | Acquired Sif Muna's third power
  6369 | D:6      | Reached skill level 1 in Translocations
  6454 | D:6      | Found an iron altar of Okawaru.
  6966 | D:6      | Reached XP level 9. HP: 55/55 MP: 8/19
  7130 | D:6      | HP: 2/55 [giant goldfish (5)]
  7131 | D:6      | Slain by a giant goldfish

Action                   |  1- 3 |  4- 6 |  7- 9 || total
-------------------------+-------+-------+-------++-------
Melee: Unarmed           |     7 |       |       ||     7
       Short sword       |    22 |     3 |       ||    25
       Dagger            |    10 |    42 |   272 ||   324
 Cast: Magic Dart        |   108 |    70 |   308 ||   486
       Conjure Flame     |       |    16 |    18 ||    34
       Mephitic Cloud    |       |     3 |    25 ||    28
Invok: Channel Energy    |       |    42 |   135 ||   177
  Use: Potion            |     1 |       |     8 ||     9
       Scroll            |       |     1 |       ||     1
 Stab: Sleeping          |     2 |     1 |     3 ||     6
       Confused          |       |       |    17 ||    17
